 Dungeon Crawl Stone Soup version 0.30-a0-782-ge64f9170bb (webtiles) character file.

Game seed: 8747386002514591117

47 Jane the Ducker (level 3, -6/15 HPs)
             Began as a Felid Transmuter on Feb 22, 2023.
             Was an Initiate of Okawaru.
             Killed by divine providence
             ... invoked by an orc priest
              (14 damage)
             ... on level 3 of the Dungeon.
             The game lasted 00:11:05 (2295 turns).

Jane the Ducker (Felid Transmuter)                  Turns: 2295, Time: 00:11:05

Health: -6/15      AC:  1    Str:  4 (6)  XL:     3   Next: 48%
Magic:  7/7        EV: 18    Int: 11 (14) God:    Okawaru [......]
Gold:   88         SH:  0    Dex: 15 (18) Spells: 5/6 levels left
                                        Lives:  0   Deaths: 0

rFire   . . .      SeeInvis +      - Unarmed
rCold   . . .      Faith    .    (shield unavailable)
rNeg    . . .      Spirit   .    (body armour unavailable)
rPois   .          Reflect  .    (helmet unavailable)
rElec   .          Harm     .    (cloak unavailable)
rCorr   .          Rampage  .    (gloves unavailable)
Will    .....                    (boots unavailable)
Stlth   ++                       (no amulet)
HPRegen 0.22/turn                (no ring)
MPRegen 0.10/turn                (no ring)

@: quick
A: very small, claws 1, fangs 3, see invisible, speed 1, shaggy fur 1, stealthy
paws, no weapons or thrown items, no armour, multi-lived
a: Renounce Religion


You were on level 3 of the Dungeon.
You worshipped Okawaru.
Okawaru was noncommittal.
You visited 1 branch of the dungeon, and saw 3 of its levels.

You collected 88 gold pieces.

Inventory:

Scrolls
 b - a scroll of teleportation {unknown}
 c - a scroll of torment {unknown}
 d - a scroll of enchant weapon
 e - a scroll of blinking {unknown}
Potions
 a - a potion of lignification
 f - a potion of heal wounds {unknown}
 g - a potion of curing {unknown}


   Skills:
 + Level 1.0 Fighting
 + Level 4.3 Dodging
 + Level 2.9 Stealth
 - Level 3.0 Unarmed Combat
 - Level 2.0 Spellcasting
 - Level 2.1 Transmutations


You had 5 spell levels left.
You knew the following spells:

 Your Spells              Type           Power      Damage    Failure   Level
a - Beastly Appendage     Tmut           10%        N/A       12%         1

Your spell library contained the following spells:

 Spells                   Type           Power      Damage    Failure   Level
 Wereblood                Tmut           5%         N/A       19%         2
 Spider Form              Tmut/Pois      3%         N/A       50%         3
 Ice Form                 Ice/Tmut       3%         N/A       88%         4


Dungeon Overview and Level Annotations

Branches:
Dungeon (3/15)

Altars:
Okawaru

Shops:
D:1 !

Annotations:
D:2 Sigmund


Innate Abilities, Weirdness & Mutations

You have sharp claws.
You have razor-sharp teeth.
You have supernaturally acute eyesight. (SInv)
You cover ground quickly. (Speed+)
You are covered in fur. (AC +1)
Your paws help you pounce on unaware monsters.
You are incapable of wielding weapons or throwing items.
You cannot wear armour.
You gain extra lives every three experience levels.


Message History

The endoplasm is lightly wounded.
The endoplasm completely misses you.
You barely miss the endoplasm. You bite the endoplasm.
The endoplasm is moderately wounded.
The endoplasm misses you.
You scratch the endoplasm but do no damage.
The endoplasm is moderately wounded.
Found a trident.
Found a fuming purple potion.
You scratch the endoplasm.
The endoplasm is severely wounded.
The endoplasm closely misses you.
A bat comes into view.
Found a dagger.
You scratch the endoplasm but do no damage.
The endoplasm is severely wounded.
The endoplasm freezes you.
You are frozen.
The orc hits you with a +0 short sword. The endoplasm freezes you.
You are frozen.
The orc closely misses you.
The orc priest shouts!
You scratch the endoplasm.
You kill the endoplasm!
Okawaru accepts your kill.
You hear an angry hiss.
The bat misses you. The orc misses you. The bat completely misses you.
The bat attacks as you move away! The bat completely misses you.
The bat misses you. The bat barely misses you.
Found a scroll labelled RUGUHE VERO.
An adder comes into view.
Found a Necronomicon.
The bat closely misses you. The bat closely misses you. The bat hits you.
The orc priest mumbles some strange prayers to Beogh against you.
Beogh smites you!
Ouch! That really hurt!
You die...

##..# #...# #...# #o..# #
###.##### ##...#### ##
#.......# #.o.....#
.#####.#.###.# #o......#
.........# #.#b##....
.#####.##.....##.........
## #.# .##..##......... #
#.# .# ##@.....S.. #..
...............# ###
.######.....?#.# .#
##..##:#.. .# ... .# #.##
# .. ...


You could see 2 orc priests, an adder (asleep), an orc and a bat.

Vanquished Creatures
  An adder (D:2)
  A dart slug (D:1)
  4 endoplasms
  A giant cockroach (D:1)
  6 goblins
  4 hobgoblins
  3 kobolds
  A quokka (D:1)
  A ball python (D:1)
  5 bats
  4 frilled lizards
  A rat (D:1)
32 creatures vanquished.

Vanquished Creatures (others)
  A plant (D:1)
1 creature vanquished.

Grand Total: 33 creatures vanquished

Notes
Turn   | Place    | Note
-------+----------+-------------------------------------------
     0 | D:1      | Jane the Felid Transmuter began the quest for the Orb.
     0 | D:1      | Reached XP level 1. HP: 9/9 MP: 4/4
    78 | D:1      | Reached skill level 3 in Dodging
   356 | D:1      | Reached skill level 1 in Stealth
   384 | D:1      | Reached XP level 2. HP: 12/12 MP: 6/6
   929 | D:1      | Found Soapsuxa's Distillery.
  1413 | D:1      | You fall into a shaft and drop 1 floor!
  1477 | D:2      | Found an iron altar of Okawaru.
  1516 | D:2      | Became a worshipper of Warmaster Okawaru
  1552 | D:2      | Reached skill level 4 in Dodging
  1672 | D:2      | Reached XP level 3. HP: 12/15 MP: 7/7
  1727 | D:2      | Noticed Sigmund
  2295 | D:3      | Killed from afar by an orc priest

Illustrated notes

Levels and vault maps discovered:
D:1:      onia_arrival_mini_maze, layout_basic, serial_shops,
          nicolae_shop_behind_doors, serial_forest, infiniplex_forest_split,
          infiniplex_forest_lined_3_way, infiniplex_forest_lined_2,
          infiniplex_forest_zigzag_1, infiniplex_forest_end_3,
          infiniplex_forest_lined_room_2, infiniplex_forest_lined_3
D:2:      layout_loops_ring, basic_altar, uniq_sigmund
D:3:      layout_loops_cross, gammafunk_ghost_cemetery, uniq_crazy_yiuf_cottage

Skill      XL: |  1  2 |
---------------+-------+-----
Dodging        | 3 4 |  4.3
Stealth        | 1 2 |  2.9
Fighting       | |  1.0
Unarmed Combat | |  3.0
Spellcasting   | |  2.0
Transmutations | |  2.1

Action                     || total
---------------------------++-------
  Melee: Unarmed           ||    86
         Bite              ||     8
         Punch             ||     1
    Use: Scroll            ||     4
         Potion            ||     2
   Stab: Sleeping          ||     3
 Armour: Skin              ||     4
  Dodge: Dodged            ||    74

Table legend: (Time is in decaauts)
 A = Elapsed time spent in this place.
 B = Non-inter-level travel time spent in this place.
 C = Inter-level travel time spent in this place.
 D = Time resting spent in this place.
 E = Time spent auto-exploring this place.
 F = Levels seen in this place.
 G = Mean time per level.
                   A        B        C        D        E       F      G
               +--------+--------+--------+--------+--------+-----+--------+
         Total |   1864 |   1776 |     88 |     39 |    760 |   3 |  621.3 |
       Dungeon |   1864 |   1776 |     88 |     39 |    760 |   3 |  621.3 |
               +--------+--------+--------+--------+--------+-----+--------+

Top non-repeatable levels by time:
     D:1: 1138 daAuts
     D:2: 584 daAuts
     D:3: 141 daAuts
